 Dungeon Crawl Stone Soup version bcrawl-1.13.4 (webtiles) character file.

Game seed: 6461140608533307399

52 Felnil the Skirmisher (level 3, -5/24 HPs)
             Began as a Skeleton Fighter on Aug 14, 2019.
             Slain by a goblin
             ... wielding a +2 dagger of venom
             ... led by Robin
              (6 damage)
             ... on level 2 of the Dungeon.
             The game lasted 00:02:05 (974 turns).

Felnil the Skirmisher (Skeleton Fighter)             Turns: 974, Time: 00:02:05

Health: -5/24      AC:  6    Str: 23      XL:     3   Next: 60%
Magic:  0/12       EV:  8    Int:  6      God:
Gold:   117        SH:  9    Dex:  7 (8)  Spells: 2/2 levels left

rFire    . . .     SeeInvis .   a - +1 war axe
rCold    + . .     Gourm    .   c - +0 shield
rNeg     + + +     Faith    .   b - +0 scale mail
rPois    ∞         Spirit   +   (no helmet)
rElec    .         Reflect  .   (no cloak)
rCorr    .         Harm     .   (no gloves)
MR       .....                  (no boots)
Stlth    ..........             f - amulet of regeneration
HPRegen  0.48/turn              g - ring of magical power
MPRegen  0.13/turn              (no ring)

@: no status effects
A: no food or potions, cold resistance 1, deterioration 1, negative energy
resistance 3, torment resistance, unbreathing, magic shield, sturdy frame 1,
spell healing
a: no special abilities


You were on level 2 of the Dungeon.
You were not hungry.

You visited 1 branch of the dungeon, and saw 2 of its levels.

You collected 117 gold pieces.

Inventory:

Hand Weapons
 a - a +1 war axe (weapon)
Armour
 b - a +0 scale mail (worn)
 c - a +0 shield (worn)
Jewellery
 f - an amulet of regeneration (around neck)
 g - a ring of magical power (left hand)
Scrolls
 d - 3 scrolls of identify
 e - a scroll of amnesia


   Skills:
 + Level 4.6 Fighting
 - Level 2.4 Axes
 - Level 3.2 Armour
 - Level 3.6 Shields


You had 2 spell levels left.
You didn't know any spells.
Your spell library was empty.

Dungeon Overview and Level Annotations

Branches:
Dungeon (2/12)

Altars:

Annotations:
D:2 Robin


Innate Abilities, Weirdness & Mutations

You do not eat or drink.
You are immune to poison.
Your flesh is cold resistant. (rC+)
Your body sometimes deteriorates upon taking damage.
You are immune to negative energy. (rN+++)
You are immune to unholy pain and torment.
You can survive without breathing.
When hurt, damage is shared between your health and your magic reserves.
Your movements are slightly less encumbered by armour. (ER -2)
Casting spells heals you.


Message History

You barely miss the goblin. You slash the goblin!
You kill the goblin!
You feel your dexterity returning.
The hobgoblin hits you with a cursed -3 club.
The hobgoblin barely misses you.
The goblin hits you but does no damage. x2
The frilled lizard bites you but does no damage.
You block the hobgoblin's attack. x2; The goblin hits you but does no damage.
Your shield prevents you from hitting the hobgoblin.
You closely miss the goblin. x2; You hit Robin but do no damage.
Your shield and scale mail prevent you from hitting the frilled lizard.
You hit the hobgoblin. The goblin hits you but does no damage.
The frilled lizard closely misses you.
Robin says, "Bow before me, strongest of all the hobgoblins!"
Robin roars a battlecry!
The goblins go into a battle-frenzy!
The hobgoblin hits you with a cursed -3 club.
* * * LOW HITPOINT WARNING * * *
The hobgoblin closely misses you. The goblin completely misses you.
The goblin hits you with a +2 dagger of venom.
You die...

.# #####.# .......
#...#.# ....... #...#.#
....... . #.<.#.#
##....... ....##..(#.#
##........ #<......#.#
#.........
#####†....####gg)......
#.........l@$...$..
#.........ggg......
#####.!............
#..............
#..........#...
............# ..
.##......<...# .
.....#...###


You could see Robin, 2 hobgoblins, 2 goblins and a frilled lizard.

Vanquished Creatures
  A dart slug (D:2)
  A giant cockroach (D:1)
  8 goblins
  6 hobgoblins
  8 jackals (D:2)
  A quokka (D:2)
  6 bats
  3 frilled lizards
  8 kobolds
  2 rats (D:2)
44 creatures vanquished.

Notes
Turn   | Place    | Note
-------+----------+-------------------------------------------
     0 | D:1      | Felnil the Skeleton Fighter began the quest for the Orb.
     0 | D:1      | Reached XP level 1. HP: 14/14 MP: 1/1
   392 | D:1      | Reached XP level 2. HP: 10/19 MP: 2/2
   924 | D:2      | Reached skill level 4 in Fighting
   953 | D:2      | Reached XP level 3. HP: 22/24 MP: 3/3
   956 | D:2      | Noticed Robin
   972 | D:2      | HP: 1/24 [goblin[Robin] (2)]
   974 | D:2      | Slain by a goblin

Skill      XL: |  1  2 |
---------------+-------+-----
Fighting       | 4 |  4.6
Axes           | |  2.4
Armour         | |  3.2
Shields        | |  3.6

Action                   || total
-------------------------++-------
Melee: War axe           ||    77
  Use: Scroll            ||     2
Armor: Scale mail        ||    71
Dodge: Dodged            ||    72
Block: Shield            ||    63
